 Dungeon Crawl Stone Soup version 0.28.0-53-g5a82cb258f (webtiles) character file.

Game seed: 4960384360481237704

28 eooof the Conjurer (level 2, -3/20 HPs)
             Began as a Demigod Conjurer on June 29, 2022.
             Slain by a hound (5 damage)
             ... on level 3 of the Dungeon.
             The game lasted 00:04:42 (481 turns).

eooof the Conjurer (Demigod Conjurer)                Turns: 481, Time: 00:04:42

Health: -3/20      AC:  3    Str:  8    XL:     2   Next: 75%
Magic:  1/7        EV: 12    Int: 20    God:
Gold:   12         SH:  0    Dex: 12    Spells: 2/5 levels left

rFire   . . .      SeeInvis .   (no weapon)
rCold   . . .      Faith    .   f - orb {light}
rNeg    . . .      Spirit   .   a - +0 robe
rPois   .          Reflect  .   (no helmet)
rElec   .          Harm     .   (no cloak)
rCorr   .          Rampage  .   b - +0 pair of gloves
Will    .....                   (no boots)
Stlth   +.........              (no amulet)
HPRegen 0.06/turn               d - ring of ice
MPRegen 0.10/turn               e - ring of fire

@: glowing
A: high MP 1, forlorn, divine attributes
a: no special abilities


You were on level 3 of the Dungeon.
You visited 1 branch of the dungeon, and saw 3 of its levels.

You collected 12 gold pieces.

Inventory:

Missiles
 c - 2 throwing nets
Armour
 a - a +0 robe (worn)
 b - a +0 pair of gloves (worn)
 f - an orb of light (worn)
Jewellery
 d - a ring of ice (left hand)
 e - a ring of fire (right hand)
Wands
 g - a wand of polymorph (12)


   Skills:
 - Level 1.9 Dodging
 - Level 2.0 Stealth
 + Level 2.3 Spellcasting
 + Level 4.0 Conjurations


You had 2 spell levels left.
You knew the following spells:

 Your Spells              Type           Power      Damage    Failure   Level
a - Magic Dart            Conj           72%        1d6       3%          1
b - Searing Ray           Conj           36%        2d5       4%          2

Your spell library contained the following spells:

 Spells                   Type           Power      Damage    Failure   Level
 Dazzling Flash           Conj/Hex       20%        N/A       21%         3
 Fulminant Prism          Conj/Hex       5%         3d7       54%         4
 Iskenderun's Mystic Bla  Conj/Tloc      10%        2d4       54%         4


Dungeon Overview and Level Annotations

Branches:
Dungeon (2/15)

Annotations:
D:4 M


Innate Abilities, Weirdness & Mutations

You have an increased reservoir of magic. (+10% MP)
You shall have no god before yourself.
Your divine heritage dramatically boosts your attributes as you level up.


Message History

Unknown command.
You barely miss the hound.
The hound is heavily wounded.
The hound bites you. The hound bites you but does no damage.
You closely miss the hound.
The hound is heavily wounded.
The hound bites you.
You hit the hound but do no damage.
The hound is heavily wounded.
The hound bites you. The hound closely misses you.
You hit the hound but do no damage.
The hound is heavily wounded.
The hound completely misses you.
You hit the hound.
The hound is heavily wounded.
The hound misses you. The hound bites you.
* * * LOW HITPOINT WARNING * * *
You hit the hound but do no damage.
The hound is heavily wounded.
The hound closely misses you.
You closely miss the hound.
The hound is heavily wounded.
The hound bites you.
* * * LOW HITPOINT WARNING * * *
The hound bites you.
* * * LOW HITPOINT WARNING * * *
You closely miss the hound.
The hound is heavily wounded.
The hound bites you.
* * * LOW HITPOINT WARNING * * *
You hit the hound.
The hound is severely wounded.
The hound barely misses you. x2
You hit the hound but do no damage.
The hound is severely wounded.
The hound misses you.
You hit the hound but do no damage.
The hound is severely wounded.
The hound closely misses you. The hound bites you.
You die...

##.##.##.#.#
#..........#
#..##†##.### #.†......#
#.#.....## ...#......#
#########......#
#..............####
#h@....##.....#....
...............#........
#.###.......##.#...#....
#.......##.#...#####
#.#####........# ...
####.#.#<# ### #.#.#.#
#...#.# ####.#


You could see a hound.

Vanquished Creatures
  An adder (D:3)
  A ball python (D:3)
  A bat (D:3)
  6 endoplasms
  2 goblins
  3 frilled lizards
  A kobold (D:2)
  3 rats
18 creatures vanquished.

Notes
Turn   | Place    | Note
-------+----------+-------------------------------------------
     0 | D:1      | eooof the Demigod Conjurer began the quest for the Orb.
     0 | D:1      | Reached XP level 1. HP: 14/14 MP: 5/5
   280 | D:2      | You fall into a shaft and drop 1 floor!
   282 | D:3      | Reached XP level 2. HP: 20/20 MP: 4/7
   288 | D:3      | Learned a level 2 spell: Searing Ray
   467 | D:3      | Reached skill level 4 in Conjurations
   481 | D:3      | Slain by a hound

Illustrated notes

Levels and vault maps discovered:
D:1:      dpeg_arrival_simpleton_b, layout_basic
D:2:      layout_loops_cross, uniq_crazy_yiuf_cottage
D:3:      layout_loops_cross

Skill      XL: |  1  2 |
---------------+-------+-----
Stealth        | 2 |  2.0
Spellcasting   | 2 |  2.3
Conjurations   | 4 |  4.0
Dodging        | |  1.9

Action                   || total
-------------------------++-------
Melee: Unarmed           ||    21
 Cast: Magic Dart        ||    33
 Stab: Sleeping          ||     1
Armor: Robe              ||     3
Dodge: Dodged            ||    31
